Map: Prion Terraces

Players

Nerchio

  • Race: Zerg Zerg
  • League: Grandmaster

Lilbow - Winner!

  • Race: Protoss Protoss
  • League: Grandmaster

Event: DreamHack ZOWIE Open Leipzig

VOD

Have the link to the VOD?

Description

Time

  • Played on: Jan. 22, 2016, 10:46 a.m.
  • Length: 9:27

All games in this series

Show
View Real Time Build Order
Export as new Build Order

Nerchio Zerg 

Build Orders: Hatch First 

Get SALT Encoding   

  12  0:00  Drone  
  13  0:12  Overlord  
  13  0:17  Drone  
  14  0:30  Drone x2  
  14  0:34  Drone  
  17  0:54  Hatchery  
  17  0:55  Drone  
  17  0:59  Drone  
  17  1:01  Extractor  
  17  1:14  Spawning Pool  
  17  1:17  Drone  
  17  1:20  Drone  
  18  1:28  Drone  
  19  1:38  Overlord  
  19  2:00  Queen  
  21  2:01  Zergling x2  
  21  2:05  Metabolic Boost  
  21  2:06  Queen  
  24  2:09  Zergling x2  
  24  2:14  Drone  
  26  2:18  Drone  
  27  2:28  Zergling x4  
  29  2:31  Drone  
  29  2:32  Drone  
  31  2:39  Drone  
  32  2:46  Hatchery  
  32  2:48  Drone  
  32  2:54  Overlord  
  32  2:56  Drone  
  33  3:01  Overlord  
  33  3:06  Drone  
  33  3:09  Queen  
  33  3:12  Queen  
  37  3:15  Zergling x4  
  38  3:21  Roach Warren  
  38  3:24  Zergling x4  
  39  3:36  Drone x5  
  42  3:44  Drone  
  42  3:46  Drone  
  44  3:49  Drone  
  44  3:50  Drone  
  44  3:54  Drone x2  
  47  3:55  Drone  
  47  4:00  Extractor  
  47  4:02  Queen  
  48  4:07  Extractor  
  47  4:13  Drone x4  
  47  4:15  Overlord  
  51  4:18  Overlord  
  51  4:30  Overlord  
  51  4:34  Roach  
  51  4:35  Roach x4  
  51  4:36  Roach  
  63  4:39  Roach  
  65  4:47  Roach x2  
  65  4:48  Overlord  
  69  5:04  Zergling x22  
  80  5:11  Lair  
  80  5:13  Zergling x4  
  82  5:17  Overlord  
  81  5:21  Zergling x2  
  81  5:22  Zergling x6  
  85  5:33  Drone x6  
  90  5:38  Drone  
  90  5:39  Drone x2  
  90  5:41  Drone x2  
  90  5:44  Drone  
  90  5:49  Evolution Chamber  
  82  5:54  Roach  
  82  5:55  Roach x2  
  87  6:05  Roach x2  
  87  6:06  Roach  
  87  6:09  Queen x2  
  92  6:14  Roach  
  92  6:16  Zergling x2  
  92  6:17  Zergling x6  
  95  6:18  Zergling x2  
  95  6:19  Zergling x4  
  95  6:21  Overlord  
  95  6:25  Glial Reconstitution  
  97  6:26  Overlord  
  97  6:29  Zerg Missile Weapons Level 1  
  97  6:35  Overlord  
  97  6:36  Overlord  
  97  6:40  Drone x5  
  97  6:42  Drone  
  97  6:43  Drone  
  97  6:44  Drone  
  105  6:48  Overseer x2  
  105  6:50  Overseer  
  105  6:53  Overseer  
  100  6:56  Overseer  
  92  7:27  Ravager x4  
  96  7:32  Zergling x6  
  96  7:35  Zergling x2  
  100  7:37  Hatchery  
  100  7:39  Zergling x4  
  101  7:45  Zergling x4  
  101  7:49  Zergling x2  
  101  7:50  Zergling x2  
  105  8:02  Zergling x10  
  105  8:03  Zergling x2  
  105  8:04  Zergling x4  
  104  8:06  Zergling x2  
  104  8:11  Roach  
  92  8:13  Queen  
  92  8:16  Roach  
  88  8:21  Roach  
  81  8:27  Roach  
  81  8:29  Roach x2  
  81  8:30  Roach  
  88  8:35  Roach  
  90  8:44  Roach  
  92  8:50  Roach  
  88  9:06  Zergling x4  
Show
View Real Time Build Order
Export as new Build Order

Lilbow Protoss - Winner!

Build Orders: Nexus First, Mass Adepts 

Get SALT Encoding   

  12  0:01  Probe (Chrono Boost)  
  13  0:11  Probe (Chrono Boost)  
  14  0:17  Pylon  
  14  0:22  Probe (Chrono Boost)  
  15  0:35  Probe (Chrono Boost)  
  16  0:46  Probe (Chrono Boost)  
  17  0:58  Nexus  
  17  1:07  Gateway  
  17  1:09  Probe (Chrono Boost)  
  18  1:14  Assimilator  
  18  1:19  Probe (Chrono Boost)  
  18  1:22  Assimilator  
  19  1:30  Probe (Chrono Boost)  
  20  1:35  Gateway  
  20  1:40  Probe (Chrono Boost)  
  21  1:51  Probe (Chrono Boost)  
  22  1:54  Cybernetics Core  
  22  2:01  Probe (Chrono Boost)  
  23  2:10  Probe (Chrono Boost)  
  23  2:12  Probe (Chrono Boost)  
  25  2:21  Probe (Chrono Boost)  
  27  2:23  Probe (Chrono Boost)  
  27  2:30  Adept x2 (Chrono Boost)  
  27  2:32  Mothership Core (Chrono Boost)  
  27  2:36  Probe (Chrono Boost), Warp Gate (Chrono Boost)  
  34  2:41  Pylon  
  34  2:46  Probe (Chrono Boost)  
  34  2:50  Probe (Chrono Boost)  
  36  2:56  Probe  
  37  2:59  Adept x2 (Chrono Boost)  
  37  3:02  Probe  
  37  3:05  Pylon  
  42  3:09  Probe  
  43  3:14  Probe  
  44  3:21  Probe  
  44  3:23  Adept (Chrono Boost)  
  44  3:24  Adept (Chrono Boost)  
  44  3:26  Probe  
  50  3:27  Twilight Council  
  50  3:33  Probe  
  51  3:38  Probe  
  53  3:50  Pylon  
  53  3:51  Adept (Chrono Boost)  
  54  3:57  Gateway, Adept (Chrono Boost)  
  54  3:59  Resonating Glaives (Chrono Boost), Assimilator  
  54  4:00  Gateway  
  54  4:04  Gateway  
  54  4:08  Pylon  
  54  4:11  Pylon  
  54  4:17  Pylon  
  54  4:22  Pylon  
  54  4:30  Gateway  
  54  4:31  Gateway  
  54  4:35  Pylon  
  54  4:37  Adept x2  
  58  4:46  Pylon  
  58  4:51  Probe  
  59  4:52  Dark Shrine  
  59  4:53  Assimilator  
  59  4:58  Adept x3  
  59  4:59  Adept  
  67  5:03  Probe  
  68  5:15  Probe  
  69  5:26  Adept x3  
  69  5:27  Adept x2  
  69  5:28  Adept x2  
  63  5:52  Adept  
  63  5:53  Adept x6  
  69  6:17  Dark Templar  
  69  6:18  Dark Templar x4  
  71  6:34  Adept  
  67  6:54  Adept x4  
  67  6:55  Adept x3  
  79  7:17  Adept x6  
  79  7:18  Adept  
  85  7:30  Nexus  
  85  7:37  Gateway  
  85  7:38  Adept x7  
  98  8:03  Adept x3  
  98  8:05  Adept  
  90  8:13  Adept x3  
  94  8:33  Pylon x2  
  94  8:34  Adept  
  94  8:35  Adept x3  
  101  8:50  Pylon  
  101  8:52  Pylon  
  97  9:04  Adept x4  
  97  9:05  Adept x4  
  101  9:26  Adept  

Tags
 
Add a new tag
Caveats
  • Supply blocks, unpowered buildings, or Contaminate may cause inaccurate times.
  • Supply counts are checked every 10 seconds.